 Dungeon Crawl Stone Soup version 0.27-a0-1196-g3e9cee4cb2 (webtiles) character file.

Game seed: 4373619798030022238

71 Shayle the Sneak (level 4, -5/33 HPs)
             Began as a Demonspawn Enchanter on May 29, 2021.
             Slain by a gnoll
             ... wielding a +4 flail of holy wrath
              (14 damage)
             ... on level 3 of the Dungeon.
             The game lasted 00:04:33 (2419 turns).

Shayle the Sneak (Demonspawn Enchanter)             Turns: 2419, Time: 00:04:34

Health: -5/33      AC:  2    Str:  9    XL:     4   Next: 5%
Magic:  3/7        EV: 12    Int: 17    God:
Gold:   47         SH:  0    Dex: 13    Spells: 1/7 levels left

rFire    . . .     SeeInvis .   a - +1 dagger
rCold    . . .     Faith    .   (no shield)
rNeg     . . .     Spirit   .   b - +0 robe
rPois    .         Reflect  .   (no helmet)
rElec    .         Harm     .   (no cloak)
rCorr    .         Rampage  .   (no gloves)
Will     .....                  (no boots)
Stlth    ++........             (no amulet)
HPRegen  0.11/turn              (no ring)
MPRegen  0.10/turn              (no ring)

@: no status effects
A: powered by death 1, demonic magic 1
a: no special abilities


You were on level 3 of the Dungeon.
You visited 1 branch of the dungeon, and saw 3 of its levels.

You collected 47 gold pieces.

Inventory:

Hand Weapons
 a - a +1 dagger (weapon)
Armour
 b - a +0 robe (worn)
Scrolls
 c - a scroll of blinking {unknown}
 d - a scroll of fog {unknown}
 e - a scroll of identify
 f - 2 scrolls of teleportation
 h - a scroll of magic mapping {unknown}
 i - a scroll of enchant armour {unknown}
Potions
 g - a potion of lignification


   Skills:
 + Level 1.7 Fighting
 - Level 0.8 Short Blades
 + Level 1.6 Armour
 - Level 1.7 Dodging
 + Level 3.4 Stealth
 - Level 2.0 Spellcasting
 + Level 3.3 Hexes


You had one spell level left.
You knew the following spells:

 Your Spells              Type           Power      Damage    Failure   Level
a - Corona                Hex            13%        N/A       4%          1
b - Ensorcelled Hibernat  Hex/Ice        14%        N/A       16%         2
c - Confusing Touch       Hex            12%        N/A       16%         3

Your spell library contained the following spells:

 Spells                   Type           Power      Damage    Failure   Level
 Shock                    Conj/Air       4%         1d3       19%         1
 Tukima's Dance           Hex            12%        N/A       16%         3
 Static Discharge         Conj/Air       1%         N/A       28%         2
 Dazzling Flash           Conj/Hex       14%        N/A       30%         3
 Swiftness                Air            1%         N/A       50%         3
 Airstrike                Air            0%         N/A       88%         4
 Lightning Bolt           Conj/Air       0%         1d11      99%         5


Dungeon Overview and Level Annotations

Branches:
Dungeon (3/15)

Altars:


Innate Abilities, Weirdness & Mutations

You regenerate a little health from kills.
Spells you cast may paralyse adjacent enemies.


Message History

Things that are here:
a +0 club; a +0 hunting sling; 16 stones You pick up a book of Air and begin reading...
You add the spells Shock, Static Discharge, Swiftness, Airstrike and Lightning Bolt to your library.
There is an open door here.
You open the door.
A hobgoblin comes into view.
There is an open door here.
The helpless hobgoblin fails to defend itself.
You puncture the hobgoblin!
You kill the hobgoblin!
There is an open door here.
There is an open door here. 3 gnolls come into view.
A gnoll is wielding a +4 flail of holy wrath.
The gnoll shouts!
You hear a shout!
A hobgoblin comes into view.
The frilled lizard hisses angrily.
You start waiting.
A gnoll is nearby!
Casting: Ensorcelled Hibernation (safe; 16% risk of failure)
Confirm with . or Enter, or press ? or * to list all spells.
Aiming: Ensorcelled Hibernation (safe; 16% risk of failure)
Press: ? - help, Shift-Dir - straight line, f - gnoll
Aim: a gnoll, wielding a +4 flail of holy wrath (chance to affect: 48%)
The gnoll resists with some effort.
Malevolent energies surge around you.
The gnoll hits you with a +4 flail of holy wrath!
You convulse!
* * * LOW HITPOINT WARNING * * *
Casting: Ensorcelled Hibernation (safe; 16% risk of failure)
Confirm with . or Enter, or press ? or * to list all spells.
Aiming: Ensorcelled Hibernation (safe; 16% risk of failure)
Press: ? - help, Shift-Dir - straight line, f/p - gnoll
Aim: a gnoll, wielding a +4 flail of holy wrath (chance to affect: 48%)
The gnoll looks drowsy...
Malevolent energies surge around you.
The helpless gnoll fails to defend itself.
You puncture the gnoll!
The gnoll is severely wounded.
The gnoll hits you with a +4 flail of holy wrath!
You die... gg.

##.....## .g ###
##...## g...# ##'##
.#.######.# ...
..##.# . #.# #.##.##
.# #.# #.#...##.##
#g###..........#
#lg@.......#.#..
#####..#.#.#.#..
#######...........
........##.######
##########.#
##############.#
#............#.#####
#.#...#.####.....[.#
#.#...#[# #.#.###.#


You could see a gnoll, a hobgoblin and a frilled lizard.

Vanquished Creatures
  Natasha (D:3)
  An adder (D:2)
  A dart slug (D:2)
  5 ball pythons
  2 endoplasms
  A giant cockroach (D:2)
  4 goblins
  6 hobgoblins
  4 kobolds
  2 bats
  A frilled lizard (D:1)
  3 rats
31 creatures vanquished.

Notes
Turn   | Place    | Note
-------+----------+-------------------------------------------
     0 | D:1      | Shayle the Demonspawn Enchanter began the quest for the
                  | Orb.
     0 | D:1      | Reached XP level 1. HP: 13/13 MP: 3/3
   252 | D:1      | Gained mutation: You regenerate a little health from kills.
                  | [demonic ancestry]
   252 | D:1      | Reached XP level 2. HP: 20/20 MP: 5/5
   580 | D:1      | Found a faded altar of an unknown god.
   631 | D:1      | Reached skill level 1 in Fighting
   838 | D:1      | Reached skill level 1 in Armour
   843 | D:1      | Learned a level 2 spell: Ensorcelled Hibernation
  1508 | D:2      | Reached XP level 3. HP: 26/26 MP: 6/6
  1846 | D:3      | Noticed Natasha
  1858 | D:3      | Killed Natasha
  2042 | D:3      | Learned a level 3 spell: Confusing Touch
  2228 | D:3      | Gained mutation: Spells you cast may paralyse adjacent
                  | enemies. [demonic ancestry]
  2228 | D:3      | Reached XP level 4. HP: 28/33 MP: 2/7
  2419 | D:3      | Slain by a gnoll

Illustrated notes

Levels and vault maps discovered:
D:1:      pf_arrival_petrified_forest, layout_loops_ring,
          hellmonk_ecumenical_altar_leap_of_faith
D:2:      minmay_diamond_boxcup, layout_loops_cross, solitary_fountain
D:3:      layout_loops_corners, fedhas_altar_1, st_stairs_5, uniq_sigmund,
          uniq_natasha

Skill      XL: |  1  2 |
---------------+-------+-----
Fighting       | 1 |  1.7
Stealth        | 3 |  3.4
Armour         | 1 |  1.6
Short Blades   | |  0.8
Dodging        | |  1.7
Spellcasting   | |  2.0
Hexes          | |  3.3

Action                   |  1- 3 |  4- 6 || total
-------------------------+-------+-------++-------
Melee: Dagger            |    98 |     3 ||   101
 Cast: Ensorcelled Hiber |     6 |     3 ||     9
       Corona            |     1 |       ||     1
  Use: Scroll            |     3 |       ||     3
 Stab: Sleeping          |    12 |     3 ||    15
Armor: Robe              |    16 |     1 ||    17
Dodge: Dodged            |    59 |       ||    59

Table legend: (Time is in decaauts)
 A = Elapsed time spent in this place.
 B = Non-inter-level travel time spent in this place.
 C = Inter-level travel time spent in this place.
 D = Time resting spent in this place.
 E = Time spent auto-exploring this place.
 F = Levels seen in this place.
 G = Mean time per level.
                   A        B        C        D        E       F      G
               +--------+--------+--------+--------+--------+-----+--------+
         Total |   2414 |   2359 |     55 |    440 |   1480 |   3 |  804.7 |
       Dungeon |   2414 |   2359 |     55 |    440 |   1480 |   3 |  804.7 |
               +--------+--------+--------+--------+--------+-----+--------+

Top non-repeatable levels by time:
     D:1: 1115 daAuts
     D:2: 723 daAuts
     D:3: 575 daAuts
